 Dungeon Crawl Stone Soup version 0.31-a0-845-g9abc20d24f (webtiles) character file.

Game seed: 4858929218722326486

1061 Demosthentine the Poker (level 8, -5/61 HPs)
             Began as a Demonspawn Gladiator on Sept 23, 2023.
             Was an Initiate of Hepliaklqana.
             Slain by a boulder beetle (11 damage)
             ... on level 6 of the Dungeon on Oct 1, 2023.
             The game lasted 00:06:08 (5651 turns).

Demosthentine the Poker (Demonspawn Gladiator)      Turns: 5651, Time: 00:06:08

Health: -5/61      AC:  5    Str: 16    XL:     8   Next: 6%
Magic:  8/8        EV: 13    Int: 10    God:    Hepliaklqana [......]
Gold:   270        SH:  4    Dex: 15    Spells: 7/7 levels left

rFire   . . .        a - +0 trident
rCold   . . .        (no shield)
rNeg    . . .        p - +1 leather armour {Will+}
rPois   .            c - +0 helmet
rElec   .            (no cloak)
rCorr   .            (no gloves)
SInv    .            (no boots)
Will    ++...        (no amulet)
Stlth   +            i - ring of willpower
HPRegen 0.30/turn    (no ring)
MPRegen 0.11/turn

%: no passive effects
@: mighty
A: hooves 2, large bone plates 1, ignite blood 1
a: Renounce Religion


You were on level 6 of the Dungeon.
You worshipped Hepliaklqana.
Hepliaklqana was noncommittal.
You visited 2 branches of the dungeon, and saw 7 of its levels.

You collected 270 gold pieces.

Inventory:

Hand Weapons
 a - a +0 trident (weapon)
Missiles
 e - a javelin
Armour
 c - a +0 helmet (worn)
 f - a +0 buckler
 p - a +1 leather armour of willpower (worn)
Jewellery
 i - a ring of willpower (left hand)
 l - the amulet of Elemental Vulnerability {rPois rF-- rC-- AC+8}
   (You found it on level 5 of the Dungeon)

   [amulet of nothing]

   AC+8:      It affects your AC (+8).
   rF--:      It makes you very vulnerable to fire.
   rC--:      It makes you very vulnerable to cold.
   rPois:     It protects you from poison
Wands
 q - a wand of mindburst (17)
Scrolls
 b - a scroll of enchant weapon {unknown}
 o - 3 scrolls of brand weapon {unknown}
Potions
 g - a potion of attraction
 j - 2 potions of mutation
 k - 4 potions of curing
 n - a potion of heal wounds {unknown}
 r - a potion of lignification {unknown}
 s - a potion of cancellation {unknown}


   Skills:
 + Level 4.6 Fighting
 + Level 4.7 Polearms
 - Level 1.7 Throwing
 + Level 3.5 Armour
 + Level 4.7 Dodging
 + Level 3.2 Shields


You had 7 spell levels left.
You didn't know any spells.
Your spell library contained the following spells:

 Spells                   Type           Power      Damage    Failure   Level
 Foxfire                  Conj/Fire      0%         2x1d4     41%         1
 Blink                    Tloc           0%         N/A       56%         2
 Ensorcelled Hibernation  Hex/Ice        0%         N/A       56%         2
 Lesser Beckoning         Tloc           0%         N/A       56%         2
 Momentum Strike          Conj/Tloc      0%         3d8       56%         2
 Passwall                 Tmut/Erth      0%         N/A       56%         2
 Stone Arrow              Conj/Erth      0%         3d7       80%         3
 Swiftness                Air            0%         N/A       80%         3
 Animate Armour           Summ/Erth      0%         N/A       99%         4
 Summon Ice Beast         Ice/Summ       0%         N/A       99%         4
 Summon Mana Viper        Hex/Summ       0%         N/A       100%        5
 Plasma Beam              Fire/Air       0%         2x1d10    100%        6
 Starburst                Conj/Fire      0%         6d3       100%        6
 Monstrous Menagerie      Summ           0%         N/A       100%        7
 Lehudib's Crystal Spear  Conj/Erth      0%         10d2      100%        8


Dungeon Overview and Level Annotations

Branches:
Dungeon (6/15)             Temple (1/1) D:6

Altars:
Ashenzari
Cheibriados
Dithmenos
Fedhas
Gozag
Hepliaklqana
Kikubaaqudgha
Makhleb
Nemelex Xobeh
Okawaru
Qazlal
Ru
Sif Muna
Trog
Uskayaw
Vehumet
Wu Jian
Yredelemnul


Innate Abilities, Weirdness & Mutations

You have hoof-like feet.
You are partially covered in large bone plates. (SH +4)
Your demonic aura sometimes causes spilled blood to erupt in flames.


Message History

You impale the boulder beetle!!
The boulder beetle is heavily wounded.
The boulder beetle leaps!
There is an open door here.
The boulder beetle curls into a ball and begins rolling!
You puncture the boulder beetle!
The boulder beetle is heavily wounded.
The boulder beetle hits you!!
Ouch! That really hurt!
The boulder beetle stops rolling and uncurls.
You are too injured to fight recklessly!
You are too injured to fight recklessly!
You are too injured to fight recklessly!
You are too injured to fight recklessly!
You puncture the boulder beetle!
The boulder beetle is severely wounded.
The boulder beetle bites you!
* * * LOW HITPOINT WARNING * * *
You hit the boulder beetle but do no damage.
The boulder beetle is severely wounded.
The boulder beetle closely misses you.
You hit the boulder beetle but do no damage.
The boulder beetle is severely wounded.
The boulder beetle closely misses you.
Okay, then.
Okay, then.
Unknown command.
You hit the boulder beetle.
You kick the boulder beetle, but do no damage.
The boulder beetle is severely wounded.
You block the boulder beetle's attack.
You hit the boulder beetle but do no damage.
The boulder beetle is severely wounded.
The boulder beetle barely misses you.
You hit the boulder beetle but do no damage.
You kick the boulder beetle, but do no damage.
The boulder beetle is severely wounded.
The boulder beetle waves its antennae.
The boulder beetle bites you!
You die...

#...## #....##.##...#.###.##.
#....# ####...........#..>#..
#.##.#########...#..##..##...
#.##..†...## #....[##..##....
#.##.......###.....##.#......
#.#.........#...#..##(.....⌠.
#.#.......####...............
#.#.[[.####.8####............
#.#...##..'.@B..##...........
#.#...#).8#..#8..#...........
#####.#...#.###'####.#...........
..........#'#..).).#'#...#.......
..........#.########.#...##......
......#...#..8#..#8..############
......#...##..'..'..#
......##...####8.################
......#.......##'#..†............


You could see a boulder beetle.

Vanquished Creatures
  A water moccasin (D:6)
  An ice beast (D:6)
  A sky beast (D:6)
  An ogre (D:4)
  A phantom (D:6)
  2 scorpions (D:6)
  2 hounds
  A jelly (D:4)
  4 orc wizards
  A sleepcap (D:6)
  2 iguanas
  4 gnolls (D:4)
  7 adders
  2 shadow imps (D:5)
  A white imp (D:6)
  2 worms (D:2)
  4 dart slugs
  11 orcs
  7 ball pythons
  5 endoplasms
  A giant cockroach (D:1)
  7 goblins
  6 hobgoblins
  6 jackals (D:1)
  11 kobolds
  5 quokkas
  6 bats
  4 frilled lizards
  4 rats (D:1)
110 creatures vanquished.

Notes
Turn   | Place    | Note
-------+----------+-------------------------------------------
     0 | D:1      | Demosthentine the Demonspawn Gladiator began the quest for
                  | the Orb.
     0 | D:1      | Reached XP level 1. HP: 16/16 MP: 1/1
   288 | D:1      | Gained mutation: You have large cloven feet. [demonic
                  | ancestry]
   288 | D:1      | Reached XP level 2. HP: 22/22 MP: 2/2
   297 | D:1      | Found a faded altar of an unknown god.
   441 | D:1      | Reached skill level 1 in Armour
   442 | D:1      | Reached XP level 3. HP: 25/28 MP: 3/3
   524 | D:1      | Found Xoosu's Distillery.
  1367 | D:2      | Upgraded the game from 0.31-a0-819-gf6de2f5ab6 to
                  | 0.31-a0-845-g9abc20d24f
  1368 | D:2      | Reached XP level 4. HP: 26/34 MP: 4/4
  2048 | D:3      | Reached skill level 1 in Shields
  2700 | D:4      | Reached XP level 5. HP: 41/41 MP: 5/5
  2856 | D:4      | Noticed an ogre
  2864 | D:4      | Killed an ogre
  2865 | D:4      | Gained mutation: Your demonic aura sometimes causes spilled
                  | blood to erupt in flames. [demonic ancestry]
  2865 | D:4      | Reached XP level 6. HP: 18/47 MP: 6/6
  3765 | D:5      | Entered Level 5 of the Dungeon
  4077 | D:5      | Found the amulet of Elemental Vulnerability {rPois rF--
                  | rC-- AC+8}
  4783 | D:6      | Gained mutation: You are partially covered in large bone
                  | plates. (SH +4) [demonic ancestry]
  4783 | D:6      | Reached XP level 7. HP: 43/53 MP: 7/7
  5015 | D:6      | Found a staircase to the Ecumenical Temple.
  5031 | Temple   | Entered the Ecumenical Temple
  5106 | Temple   | Became a worshipper of Hepliaklqana the Forgotten
  5244 | D:6      | Noticed a two-headed ogre
  5245 | D:6      | Noticed a boulder beetle
  5553 | D:6      | Gained mutation: You have hoof-like feet. [demonic
                  | ancestry]
  5553 | D:6      | Reached XP level 8. HP: 42/61 MP: 8/8
  5651 | D:6      | Slain by a boulder beetle

Illustrated notes

Levels and vault maps discovered:
D:1:      ncdulo_lavacross, layout_rooms, hellmonk_ecumenical_altar_dog_temple,
          serial_shops, shop, dreamdust_princess_corridor,
          nicolae_figureground_sparkle
D:2:      layout_loops_corners
D:3:      layout_basic
D:4:      nicolae_BIG_FREAKIN_CUBE, layout_gridville
D:5:      layout_basic, hangedman_decor_growths
D:6:      minmay_chambers_of_sixes, layout_rooms,
          minmay_temple_entry_mini_moons, solitary_fountain
Temple:   mainiacjoe_temple_hex_bubbles

Skill      XL: |  1  2  3  4  5  6  7 |
---------------+----------------------+-----
Dodging        | 3 4 |  4.7
Polearms       | 3 4 |  4.7
Armour         | 1 2 3 |  3.5
Shields        | 1 2 3 |  3.2
Fighting       | 3 4 |  4.6
Throwing       | |  1.7

Action                     |  1- 3 |  4- 6 |  7- 9 || total
---------------------------+-------+-------+-------++-------
  Melee: Trident           |   137 |   196 |    93 ||   426
         Punch             |     3 |     1 |       ||     4
         Kick              |    14 |    30 |    21 ||    65
  Throw: Throwing net      |       |     1 |     4 ||     5
    Use: Scroll            |     2 |    10 |       ||    12
         Potion            |       |     2 |     2 ||     4
   Stab: Sleeping          |     3 |     2 |       ||     5
 Armour: Leather armour    |    67 |    93 |    37 ||   197
  Dodge: Dodged            |    73 |    96 |    36 ||   205
  Block: Other             |       |       |    12 ||    12

Table legend: (Time is in decaauts)
 A = Elapsed time spent in this place.
 B = Non-inter-level travel time spent in this place.
 C = Inter-level travel time spent in this place.
 D = Time resting spent in this place.
 E = Time spent auto-exploring this place.
 F = Levels seen in this place.
 G = Mean time per level.
                   A        B        C        D        E       F      G
               +--------+--------+--------+--------+--------+-----+--------+
         Total |   5702 |   5503 |    199 |    204 |   4293 |   7 |  814.6 |
       Dungeon |   5606 |   5424 |    182 |    204 |   4240 |   6 |  934.3 |
        Temple |     96 |     79 |     17 |      0 |     53 |   1 |   96.0 |
               +--------+--------+--------+--------+--------+-----+--------+

Top non-repeatable levels by time:
     D:4: 1174 daAuts
     D:5: 1090 daAuts
     D:2: 975 daAuts
     D:3: 959 daAuts
     D:6: 713 daAuts
     D:1: 693 daAuts
  Temple: 96 daAuts
